 Dungeon Sprint DCSS version 0.26.1-11-gd32895ea62 (webtiles) character file.

Game seed: 7971639063422367835

25 Zeld the Gusty (level 3, 11/27 HPs)
             Began as a Gnoll Air Elementalist on June 13, 2021.
             Quit the game in the Dungeon (Sprint I: "Red Sonja").
             The game lasted 00:00:24 (40 turns).

Zeld the Gusty (Gnoll Air Elementalist)               Turns: 40, Time: 00:00:24

Health: 11/27      AC:  2    Str: 11    XL:     3   Next: 4%
Magic:  0/9        EV: 15    Int: 17    God:
Gold:   0          SH:  0    Dex: 15    Spells: 11/12 levels left

rFire    . . .     SeeInvis .     - Unarmed
rCold    . . .     Faith    .   (no shield)
rNeg     . . .     Spirit   .   a - +0 robe
rPois    .         Reflect  .   (no helmet)
rElec    .         Harm     .   (no cloak)
rCorr    .         Rampage  .   (no gloves)
Will     .....     NoTele   +   (no boots)
Stlth    +++.......             (no amulet)
HPRegen  0.09/turn              (no ring)
MPRegen  0.11/turn              (no ring)

@: no status effects
A: distributed training, fangs 1, strong nose
a: no special abilities


You were in the Dungeon.
You visited 1 branch

Inventory:

Armour
 a - a +0 robe (worn)
Scrolls
 h - a scroll of blinking
Potions
 c - a potion of curing
 d - a potion of heal wounds
 e - a potion of haste
 f - 2 potions of magic
 g - a potion of berserk rage


   Skills:
 + Level 1.7 Fighting
 + Level 1.7 Short Blades
 + Level 1.7 Long Blades
 + Level 1.7 Axes
 + Level 1.7 Maces & Flails
 + Level 1.7 Polearms
 + Level 1.7 Staves
 + Level 1.7 Slings
 + Level 1.7 Bows
 + Level 1.7 Crossbows
 + Level 1.7 Throwing
 + Level 1.7 Armour
 + Level 4.9 Dodging
 + Level 4.5 Stealth
 + Level 1.7 Shields
 + Level 1.7 Unarmed Combat
 + Level 5.3 Spellcasting
 + Level 2.5 Conjurations
 + Level 1.3 Hexes
 + Level 1.3 Summonings
 + Level 1.3 Necromancy
 + Level 1.3 Translocations
 + Level 1.3 Transmutations
 + Level 1.3 Fire Magic
 + Level 1.3 Ice Magic
 + Level 5.6 Air Magic
 + Level 1.3 Earth Magic
 + Level 1.3 Poison Magic
 + Level 2.0 Invocations
 + Level 1.7 Evocations


You had 11 spell levels left.
You knew the following spells:

 Your Spells              Type           Power        Failure   Level
a - Shock                 Conj/Air       72%          2%          1

Your spell library contained the following spells:

 Spells                   Type           Power        Failure   Level
 Swiftness                Air            23%          1%          2
 Static Discharge         Conj/Air       18%          8%          3
 Airstrike                Air            11%          14%         4
 Lightning Bolt           Conj/Air       9%           58%         5


Dungeon Overview and Level Annotations

Branches:
Dungeon (1/1)

Altars:


Innate Abilities, Weirdness & Mutations

Your experience applies equally to all skills.
You have very sharp teeth.
Your uncanny sense of smell can sniff out nearby items.


Message History

Your Spellcasting skill increases to level 5!
Your Conjurations skill increases to level 2!
Your Hexes skill increases to level 1!
Your Summonings skill increases to level 1!
Your Necromancy skill increases to level 1!
Your Translocations skill increases to level 1!
Your Transmutations skill increases to level 1!
Your Fire Magic skill increases to level 1!
Your Ice Magic skill increases to level 1!
Your Earth Magic skill increases to level 1!
Your Poison Magic skill increases to level 1!
Your Invocations skill gained 2 levels and is now at level 2!
Your Evocations skill increases to level 1!
You have reached level 2!
You have reached level 3!
Your experience leads to an increase in your attributes!
Increase (S)trength, (I)ntelligence, or (D)exterity?
You feel stronger.
Unknown command.
Are you sure you want to abandon this character and quit the game? (Confirm with "yes".)

#######
#<.#..+
#..'..#
#..####
#..# ∆∆
#..#
#[.#
#@⌠#
#### ∆∆


There were no monsters in sight!

Vanquished Creatures
  Ijyb (D)
1 creature vanquished.

Notes
Turn   | Place    | Note
-------+----------+-------------------------------------------
     0 | D        | Zeld the Gnoll Air Elementalist began the quest for the
                  | Orb.
     0 | D        | Reached XP level 1. HP: 13/13 MP: 6/6
     6 | D        | Noticed Ijyb
    39 | D        | Killed Ijyb
    40 | D        | Reached skill level 1 in Fighting
    40 | D        | Reached skill level 1 in Short Blades
    40 | D        | Reached skill level 1 in Long Blades
    40 | D        | Reached skill level 1 in Axes
    40 | D        | Reached skill level 1 in Maces & Flails
    40 | D        | Reached skill level 1 in Polearms
    40 | D        | Reached skill level 1 in Staves
    40 | D        | Reached skill level 1 in Slings
    40 | D        | Reached skill level 1 in Bows
    40 | D        | Reached skill level 1 in Crossbows
    40 | D        | Reached skill level 1 in Throwing
    40 | D        | Reached skill level 1 in Armour
    40 | D        | Reached skill level 1 in Shields
    40 | D        | Reached skill level 1 in Unarmed Combat
    40 | D        | Reached skill level 5 in Spellcasting
    40 | D        | Reached skill level 1 in Hexes
    40 | D        | Reached skill level 1 in Summonings
    40 | D        | Reached skill level 1 in Necromancy
    40 | D        | Reached skill level 1 in Translocations
    40 | D        | Reached skill level 1 in Transmutations
    40 | D        | Reached skill level 1 in Fire Magic
    40 | D        | Reached skill level 1 in Ice Magic
    40 | D        | Reached skill level 1 in Earth Magic
    40 | D        | Reached skill level 1 in Poison Magic
    40 | D        | Reached skill level 1 in Evocations
    40 | D        | Reached XP level 2. HP: 9/22 MP: 0/8
    40 | D        | Reached XP level 3. HP: 11/27 MP: 0/9
    40 | D        | Quit the game

Illustrated notes

Levels and vault maps discovered:
D:        dungeon_sprint_1 [red_sonja_temple_1, red_sonja_temple_small_1]

Skill      XL: |  1 |
---------------+----+-----
Fighting       | 1 |  1.7
Short Blades   | 1 |  1.7
Long Blades    | 1 |  1.7
Axes           | 1 |  1.7
Maces & Flails | 1 |  1.7
Polearms       | 1 |  1.7
Staves         | 1 |  1.7
Slings         | 1 |  1.7
Bows           | 1 |  1.7
Crossbows      | 1 |  1.7
Throwing       | 1 |  1.7
Armour         | 1 |  1.7
Shields        | 1 |  1.7
Unarmed Combat | 1 |  1.7
Spellcasting   | 5 |  5.3
Conjurations   | 2 |  2.5
Hexes          | 1 |  1.3
Summonings     | 1 |  1.3
Necromancy     | 1 |  1.3
Translocations | 1 |  1.3
Transmutations | 1 |  1.3
Fire Magic     | 1 |  1.3
Ice Magic      | 1 |  1.3
Earth Magic    | 1 |  1.3
Poison Magic   | 1 |  1.3
Invocations    | 2 |  2.0
Evocations     | 1 |  1.7
Dodging        | |  4.9
Stealth        | |  4.5
Air Magic      | |  5.6

Action                   || total
-------------------------++-------
Melee: Unarmed           ||    18
       Bite              ||     4
 Cast: Shock             ||     9
Armor: Robe              ||     1
Dodge: Dodged            ||    20
